 Dungeon Crawl Stone Soup version 0.31-a0-507-gbafd7f5274 (webtiles) character file.

Game seed: 6359970349429431222

351 Gelion the Changeling (level 6, 0/37 HPs)
             Began as an Octopode Shapeshifter on Aug 9, 2023.
             Hit by a stone thrown by a gnoll (4 damage)
             ... led by a gnoll bouda
             ... on level 5 of the Dungeon.
             The game lasted 00:05:53 (2426 turns).

Gelion the Changeling (Octopode Shapeshifter)       Turns: 2426, Time: 00:05:53

Health: 0/37       AC:  1    Str: 15    XL:     6   Next: 61%
Magic:  6/6        EV: 13    Int: 10    God:
Gold:   149        SH:  0    Dex: 14    Spells: 5/5 levels left

rFire   . .          .
                       - Unarmed
rCold   . . .        (shield currently unavailable)
rNeg    . . .        (helmet restricted)
rPois   .            j - amulet of regeneration
rElec   .            (no ring)
rCorr   .            (no ring)
SInv    .            (no ring)
Will    .....        (no ring)
Stlth   +            (no ring)
HPRegen 1.06/turn    (no ring)
MPRegen 0.10/turn    (no ring)
                     (no ring)

%: no passive effects
@: flux-form, glowing
A: glow, contaminating, reduced hp, almost no armour, amphibious, 8 rings,
camouflage 1, gelatinous body 1, (nimble swimmer 1), tentacles
a: Begin Untransformation


You were on level 5 of the Dungeon.
You were something dangerously unstable.
You visited 1 branch of the dungeon, and saw 5 of its levels.

You collected 149 gold pieces.

Inventory:

Missiles
 g - 5 silver javelins
Jewellery
 j - an amulet of regeneration (around mantle)
Talismans
 c - a flux talisman (active)
Scrolls
 e - a scroll of amnesia
Potions
 a - a potion of lignification
 d - a potion of haste
 f - a potion of enlightenment
 h - 2 potions of berserk rage
 i - 2 potions of curing
 k - a potion of attraction {unknown}
 m - a potion of heal wounds


   Skills:
 + Level 3.3 Fighting
 - Level 2.0 Dodging
 + Level 4.3 Unarmed Combat
 * Level 4.9 Shapeshifting


You had 5 spell levels left.
You didn't know any spells.
Your spell library contained the following spells:

 Spells                   Type           Power      Damage    Failure   Level
 Tukima's Dance           Hex            0%         N/A       75%         3
 Animate Dead             Necr           0%         N/A       98%         4
 Passage of Golubria      Tloc           0%         N/A       98%         4
 Yara's Violent Unravell  Hex/Tmut       0%         3d3       100%        5
 Haunt                    Necr/Summ      0%         N/A       100%        7
 Infestation              Necr           0%         N/A       100%        8


Dungeon Overview and Level Annotations

Branches:
Dungeon (5/15)
 Temple: D:4-7

Altars:

Shops:
D:3 [!(=


Innate Abilities, Weirdness & Mutations

You are something dangerously unstable.
You glow with magical radiation, making you easy to see and hit.
Foes you strike become dangerously contaminated with magical radiation.
Your maximum health is decreased, since you lack skill for your form.
You are incapable of wielding weapons or throwing items.
You cannot wear most types of armour.
You are amphibious.
You can wear up to eight rings at the same time.
Your skin changes colour to match your surroundings (Stealth+).
Your rubbery body absorbs attacks. (AC +1, EV +1)
((You are camouflaged when in or above water. (Stealth+)))
You have tentacles for arms and can constrict up to eight enemies at once.


Message History

The gnoll shouts!
You tentacle-slap the white imp.
The white imp begins to glow.
You grab the white imp.
The white imp is moderately wounded.
You constrict the white imp.
You hear a shout!
The white imp closely misses you.
You tentacle-slap the white imp but do no damage.
The white imp glows dangerously bright.
You squeeze the white imp.
The white imp is heavily wounded.
You constrict the white imp, but do no damage.
The white imp shouts, "Take thy face hence, thou rough-hewn ill-breeding varlet!"
The white imp hits you.
* * * LOW HITPOINT WARNING * * *
The white imp freezes you.
* * * LOW HITPOINT WARNING * * *
You tentacle-slap the white imp but do no damage.
The white imp shudders as magic cascades through it.
The white imp twists and deforms.
You squeeze the white imp.
You kill the white imp!
An adder comes into view.
The gnoll throws a stone.
The stone completely misses you.
Found a scale mail.
The gnoll throws a stone.
The stone barely misses you.
The gnoll throws a stone.
The stone barely misses you.
The white imp shouts, "Quail, thou quaking flap-mouthed varlet!"
The white imp gestures at you. The puff of frost hits you!
The white imp gestures at you. The puff of frost hits you!
* * * LOW HITPOINT WARNING * * *
The gnoll throws a stone.
The stone hits you.
* * * LOW HITPOINT WARNING * * *
The white imp gestures at you. The puff of frost misses you.
The white imp gestures at you. The puff of frost hits you.
* * * LOW HITPOINT WARNING * * *
The gnoll throws a stone.
The stone closely misses you.
The gnoll throws a stone.
The stone hits you.
You die...

#....?.)##..#.......# ...
##..#.........#..........
## ##.†....g###>....####
#..##5...#.#......#
##...#g............#
##........#.?......####
#.#..#....#..#.........
##...#.......#....5g...
#.....B....###.o<.g.g..
#..........# #........#
###.........###..#oh.....
#............##..#o......
##.....#.##..... #....o..
##............. ....o...
###............. .##.....
##...........#... . .##..
#...........##).


You could see 2 gnolls and a white imp.

Vanquished Creatures
  An ogre (D:4)
  A hound (D:5)
  2 jellies (D:5)
  2 iguanas (D:4)
  A sleepcap (D:4)
  3 adders
  A white imp (D:5)
  A worm (D:3)
  A dart slug (D:3)
  6 orcs
  6 endoplasms
  2 giant cockroaches
  3 goblins
  4 hobgoblins
  2 jackals (D:1)
  2 kobolds
  6 quokkas
  8 ball pythons
  6 bats
  A frilled lizard (D:1)
  A rat (D:2)
60 creatures vanquished.

Notes
Turn   | Place    | Note
-------+----------+-------------------------------------------
     0 | D:1      | Gelion the Octopode Shapeshifter began the quest for the
                  | Orb.
     0 | D:1      | Reached XP level 1. HP: 13/13 MP: 1/1
   320 | D:1      | Reached XP level 2. HP: 18/18 MP: 2/2
   752 | D:2      | Reached XP level 3. HP: 22/23 MP: 3/3
  1219 | D:3      | Found Fiek Hid's Jewellery Emporium.
  1312 | D:3      | Reached XP level 4. HP: 26/29 MP: 4/4
  1333 | D:3      | Found Vurghirghi's Distillery.
  1348 | D:3      | Found Teng's Armour Boutique.
  1429 | D:3      | Found Qozahyoq's Antique Weapon Shoppe.
  1852 | D:4      | Reached XP level 5. HP: 23/35 MP: 5/5
  2081 | D:4      | Identified the +10 dagger "Octopus's Foe" {freeze, Str+7}
  2157 | D:4      | Noticed an ogre
  2162 | D:4      | Killed an ogre
  2163 | D:4      | Reached XP level 6. HP: 31/41 MP: 6/6
  2282 | D:5      | Entered Level 5 of the Dungeon
  2426 | D:5      | Hit by a stone thrown by a gnoll

Illustrated notes

Levels and vault maps discovered:
D:1:      dpeg_arrival_concentric_ovals, layout_basic
D:2:      layout_rooms
D:3:      layout_basic, serial_shops, nicolae_shop_stone,
          nicolae_shop_waterfront, shop, shop
D:4:      layout_gridville, hangedman_decor_lopped
D:5:      layout_cave_pools, portal_sewer_entry_e, uniq_edmund

Skill      XL: |  1  2  3  4  5  6 |
---------------+-------------------+-----
Fighting       | 2 3 |  3.3
Shapeshifting  | 4 |  4.9
Unarmed Combat | 4 |  4.3
Dodging        | |  2.0

Action                     |  1- 3 |  4- 6 || total
---------------------------+-------+-------++-------
  Melee: Unarmed           |    64 |    66 ||   130
         Constrict         |    19 |    18 ||    37
         Tentacles         |    11 |    22 ||    33
         Punch             |     3 |     2 ||     5
    Use: Scroll            |     7 |     7 ||    14
         Potion            |       |     2 ||     2
   Stab: Sleeping          |     2 |     1 ||     3
 Armour: Skin              |     4 |     4 ||     8
  Dodge: Dodged            |    39 |    49 ||    88
         Form:             |       |     1 ||     1
         Flux              |       |     1 ||     1

Table legend: (Time is in decaauts)
 A = Elapsed time spent in this place.
 B = Non-inter-level travel time spent in this place.
 C = Inter-level travel time spent in this place.
 D = Time resting spent in this place.
 E = Time spent auto-exploring this place.
 F = Levels seen in this place.
 G = Mean time per level.
                   A        B        C        D        E       F      G
               +--------+--------+--------+--------+--------+-----+--------+
         Total |   2417 |   2312 |    105 |    108 |   1743 |   5 |  483.4 |
       Dungeon |   2417 |   2312 |    105 |    108 |   1743 |   5 |  483.4 |
               +--------+--------+--------+--------+--------+-----+--------+

Top non-repeatable levels by time:
     D:1: 742 daAuts
     D:3: 642 daAuts
     D:4: 477 daAuts
     D:2: 451 daAuts
     D:5: 103 daAuts
